[Event "Late-Titled-Tuesday-Blitz-September-26-2023"]
[Site "Chess.com"]
[Date "2023.09.26"]
[Round "1"]
[White "Arteler"]
[Black "Zampronha1971"]
[Result "0-1"]
[WhiteElo "2577"]
[BlackElo "2277"]
[TimeControl "180+1"]
[EndTime "14:08:32 PDT"]
[Termination "Zampronha1971 won on time"]

1. e4 c5 2. Nf3 e6 3. c3 Nf6 4.
e5 Nd5 5. d4 cxd4 6. cxd4 b6 7. Bd3 Bb7 8. O-O Be7 9. Nc3 Nxc3 10. bxc3 Qc7 11. Qe2 d6 12. Bg5 dxe5 13. dxe5 Nc6 14.
Rfe1 Rd8 15. Bc2 Na5 16. Bxe7 Qxe7 17. Nd4 O-O 18. Qh5 g6 19. Qh6 Rfe8 20. Ba4 Qf8 21. Qh4 Re7 22. Nb5 Bc6 23. Nd6 Bxa4 24. Qxa4 Rc7 25. Re3 Nc6 26. Ne4 Kh8 27. Nf6 Qc5 28. Qh4 h5 29. Nxh5 gxh5 30. Qxh5+ Kg7 31. Qg5+ Kf8 32.
Qh6+ Ke8 33. Qf6 Kd7 34. Qxf7+ Kc8 35. Qxe6+ Kb8 36. Rae1 Re7 37. Qf5 Rde8 38. f4 Nxe5 39. fxe5 Rxe5 40. Qf4 Kb7 41. Qf3+ Ka6 42. Kf2 Rf5 43.
h4 Rxf3+ 44. Kxf3 Rf8+ 45. Ke2 Qf5 46. Rf3 Qc2+ 47. Kf1 Rxf3+ 48. gxf3 Qxc3 49. Kf2 Qd4+ 50. Kg3 Qg7+ 51. Kf2 Qf6 52. Re4 Qb2+ 53. Re2 Qf6 54. Re4 b5 55. Kg3 Kb6 56. h5 a5 57. Rg4 Qe5+ 58. Kh4 b4 59. h6 Ka7 60. Rg5 Qf6 61.
Kh5 a4 62. Rg7+ Kb8 63. Rg4 b3 64. axb3 axb3 0-1

[Event "Late-Titled-Tuesday-Blitz-September-26-2023"]
[Site "Chess.com"]
[Date "2023.09.26"]
[Round "1"]
[White "h4parah5"]
[Black "WPWPWP-2015"]
[Result "1-0"]
[WhiteElo "2960"]
[BlackElo "2486"]
[TimeControl "180+1"]
[EndTime "14:08:35 PDT"]
[Termination "h4parah5 won by resignation"]

1. Nf3 Nf6 2. c4 c6 3. Nc3 d5 4. e3 e6 5. b3 Nbd7 6. Qc2 Bd6 7. Bb2 O-O 8. Be2 Re8 9. O-O b6 10. cxd5 exd5 11. Nd4 Qc7 12. f4 Nc5 13. Rac1 Bd7 14. b4 Ne6 15. Nxe6 fxe6 16. Nb5 cxb5 17. Qxc7 Bxc7 18.
Rxc7 Red8 19. Rfc1 Ne4 20. Bg4 Kf7 21. f5 exf5 22.
Bxf5 Ke7 23. d3 Nd6 24. Bxh7 Rh8 25. e4 Rxh7 26. exd5 Nf7 27. Re1+ Kd6 28. Rb7 Rh5 29. Bxg7 Rxd5 30. Rc1 Rg8 31. Bf6 Rf5 32. Bh4 Ne5 33. Bg3 Bc6 34. Rxa7 Kd5 35. Rc3 Ng4 36. Re7 Rg6 37.
Rc1 Ne5 38. Rc3 Re6 39. Rxe6 Kxe6 40. Bxe5 Kd5 41. Bg3 Rf7 42. a3 Re7 43. Kf2 Rf7+ 44.
Ke3 Re7+ 45. Kd2 Bd7 46. Rc1 Bg4 47. Re1 Ra7 48. Re5+ Kc6 49. Rg5 Be6 50. Rg6 Kd5 51. Bf2 Rxa3 52. Bxb6 Ra2+ 53. Ke3 Bf5 54. Rg5 Ke6 55.
g4 Bh7 56. h4 Ra3 57. Bc5 Rxd3+ 58. Ke2 Rc3 59. Rg7 Be4 60. Re7+ Kd5 61. Kd2 Rd3+ 62. Ke2 Rh3 63. Rd7+ Ke6 64. Re7+ Kd5 65. Kf2 Rxh4 66. Kg3 Rh1 67. Kf4 Rf1+ 68. Kg5 Bf3 69. Rf7 Be2 70. Rd7+ Ke6 71. Re7+ Kd5 72. Rxe2 Rf2 73. Rxf2 1-0

[Event "Late-Titled-Tuesday-Blitz-September-26-2023"]
[Site "Chess.com"]
[Date "2023.09.26"]
[Round "1"]
[White "Eduard_Limonov"]
[Black "Slovak_fighter2000"]
[Result "1-0"]
[WhiteElo "2831"]
[BlackElo "2443"]
[TimeControl "180+1"]
[EndTime "14:08:35 PDT"]
[Termination "Eduard_Limonov won on time"]

1. Nf3 Nf6 2. c4 e6 3. g3 b6 4.
Bg2 Bb7 5. b3 c5 6. Bb2 Be7 7.
O-O O-O 8. Nc3 d5 9. e3 Nc6 10. cxd5 Nxd5 11. Nxd5 Qxd5 12. d4 Qh5 13. Ne5 Qxd1 14.
Rfxd1 Nxe5 15. Bxb7 Rab8 16. Bg2 cxd4 17. Bxd4 Bf6 18.
h3 Rfd8 19. Rac1 Rd7 20. f4 Ng6 21. Bxf6 Rxd1+ 22. Rxd1 gxf6 23. Rd7 a5 24. Bf1 Rc8 25. Rb7 Rc6 26. Bb5 Rd6 27. Be8 Nh8 28. Kf2 Rd2+ 29.
Kf3 Rxa2 30. Rxb6 Kf8 31. Ba4 Rd2 32. Rb8+ Kg7 33. Ra8 Rd5 34. h4 Ng6 35. Rb8 Ne7 36. g4 Rc5 37. Rb7 Kf8 38. Rb8+ Kg7 39. Rb5 Rxb5 40.
Bxb5 f5 41. g5 Nd5 42. h5 h6 43. Bc4 Nc3 44. Bd3 Nd5 45. e4 fxe4+ 46. Bxe4 Nc7 47. Bc6 Na6 48. Ke3 Nc5 49. Ba4 e5 50. gxh6+ Kxh6 51. fxe5 Kxh5 52. Kd4 Ne6+ 53. Kc4 Kg5 54. Kd5 Kg6 55.
Be8 Kg7 56. Bd7 Nf4+ 57. Kc5 Ng6 58. Kd6 Kf8 59. Bf5 Nh4 60. Be4 Kg7 61. e6 fxe6 62.
Kxe6 Kh6 63. Kf6 Kh5 64. Ke5 Kg4 65. Kd4 Kf4 66. Kd5 Ke3 67. Ke5 1-0

[Event "Late-Titled-Tuesday-Blitz-September-26-2023"]
[Site "Chess.com"]
[Date "2023.09.26"]
[Round "1"]
[White "cassoulet"]
[Black "topin8"]
[Result "0-1"]
[WhiteElo "2763"]
[BlackElo "2440"]
[TimeControl "180+1"]
[EndTime "14:08:36 PDT"]
[Termination "topin8 won by checkmate"]

1. d4 Nf6 2. Bg5 e6 3. e4 h6 4. Bxf6 Qxf6 5. Nf3 c5 6. Nc3 cxd4 7. Nxd4 Bc5 8. Nf3 Nc6 9. Bd3 O-O 10. O-O a6 11. a3 d6 12. Qe2 Ne5 13. Nxe5 dxe5 14. Rad1 Rd8 15. Bc4 Bd7 16. Rd3 Bc6 17. Rfd1 b5 18. Bb3 Rxd3 19. Rxd3 Rd8 20. Rf3 Qg5 21. Qe1 Qd2 22.
Qxd2 Rxd2 23. Kf1 Rd4 24. Rd3 Kf8 25. f3 Ke7 26. Ne2 Rxd3 27. cxd3 Be3 28. Ke1 Kd6 29. Ba2 a5 30. b4 a4 31. Kd1 g6 32. g3 f5 33. Kc2 Bd4 34. Kc1 g5 35. Kc2 g4 36.
Nxd4 exd4 37. fxg4 fxe4 38. dxe4 Bxe4+ 39. Kd2 Bf3 40.
Bb1 Bxg4 41. Bd3 Kc6 42. Be4+ Kd6 43. Bd3 Kc6 44. Bg6 e5 45. Be8+ Bd7 46. Bg6 Kd5 47.
Bf7+ Ke4 48. h4 Kf3 49. g4 Kxg4 50. Kd3 Bf5+ 51. Kd2 Bd7 52. Kd3 Kf4 53. Bd5 Bf5+ 54. Kd2 Bd7 55. Kd3 Bf5+ 56. Kd2 e4 57. Bc6 e3+ 58. Ke1 d3 59. Bxb5 d2+ 60. Kd1 Bg4+ 61. Be2 Be6 62. Kc2 Bb3+ 63. Kd3 d1=Q+ 64. Bxd1 Bxd1 65.
b5 Bf3 66. b6 Bb7 67. Ke2 Ke4 68.
h5 Ba6+ 69. Ke1 Kf3 70. Kd1 Bb7 71. Ke1 e2 72. Kd2 Kf2 73. Kc3 e1=Q+ 74. Kc4 Qe6+ 75. Kb5 Qc6+ 76. Ka5 Qc5+ 77. Kxa4 Bc6+ 78. Kb3 Qxb6+ 79. Ka2 Bd5+ 80. Ka1 Qb3 81. a4 Qa2# 0-1

[Event "Late-Titled-Tuesday-Blitz-September-26-2023"]
[Site "Chess.com"]
[Date "2023.09.26"]
[Round "1"]
[White "arminmusovic"]
[Black "Sanan_Sjugirov"]
[Result "0-1"]
[WhiteElo "2491"]
[BlackElo "2976"]
[TimeControl "180+1"]
[EndTime "14:08:51 PDT"]
[Termination "Sanan_Sjugirov won by checkmate"]

1. a3 Nf6 2. c4 e5 3. Nc3 Nc6 4. e3 g6 5. d4 d6 6. Nf3 Bg7 7. dxe5 Nxe5 8. Nxe5 dxe5 9. Qxd8+ Kxd8 10. e4 c6 11. Bg5 Kc7 12. Bh4 Nd7 13. Bd3 Nc5 14. Bc2 Ne6 15. O-O-O Nd4 16. Bg3 Rd8 17. Nd5+ cxd5 18. Rxd4 dxe4 19. Rxd8 Kxd8 20. Bxe4 Kc7 21. Bd5 f6 22. f4 Bh6 23. Rf1 Bf5 24. h3 Rd8 25.
Bh2 b5 26. g4 Bd3 27. Rf2 bxc4 28. g5 Rxd5 29. gxh6 Kd7 30. fxe5 f5 31. Bf4 Ke6 32.
h4 Rb5 33. h5 g5 34. Bxg5 Kxe5 35. Bf4+ Ke4 36. Kd1 a5 37. Bc1 Rb8 38. Rf4+ Ke5 39. Rf2 Rg8 40. Kd2 Rg1 41. b3 cxb3 42. Bb2+ Ke4 43. Bc3 f4 44. Bb2 Rb1 45. Bg7 b2 46. Kc3 Rc1+ 47. Kxb2 Rc8 48. Bc3 f3 49. Rh2 a4 50.
Bb4 Be2 51. Bd2 Kd3 52. Bb4 Rc2+ 53. Ka1 Rc4 54. Kb2 Re4 55. Be1 Rg4 56. Kc1 Rg5 57. Kb2 Rc5 58. Bb4 Rb5 59. Kc1 Ke3 60. Rh3 Rd5 61. Be1 Rd1+ 62. Kc2 Rxe1 63. Rh4 Rg1 64. Rxa4 f2 65. Ra7 f1=Q 66. Re7+ Kf2 67. Rf7+ Bf3 68. Kc3 Qe2 69. Kd4 Rd1+ 70. Kc5 Qd2 71. Kb6 Rc1 72. Ka7 Qa5+ 73. Kb8 Qb5+ 74. Rb7 Qxb7# 0-1

[Event "Late-Titled-Tuesday-Blitz-September-26-2023"]
[Site "Chess.com"]
[Date "2023.09.26"]
[Round "1"]
[White "KejJaj"]
[Black "LeninGuerra"]
[Result "0-1"]
[WhiteElo "2203"]
[BlackElo "2563"]
[TimeControl "180+1"]
[EndTime "14:08:54 PDT"]
[Termination "LeninGuerra won by resignation"]

1. d4 Nf6 2. Bf4 e6 3. e3 c5 4. c3 Nc6 5. Nf3 Be7 6. h3 O-O 7.
Nbd2 b6 8. Bd3 Bb7 9. O-O d6 10.
a4 Re8 11. Bh2 Bf8 12. Qc2 Rc8 13. Qb1 e5 14. dxe5 dxe5 15. Ne4 Nxe4 16. Bxe4 g6 17.
Rd1 Qc7 18. Rd5 Bg7 19. Rd2 Rcd8 20. Qd1 Rxd2 21. Qxd2 Rd8 22. Qe2 f5 23. Bc2 Qc8 24. Rd1 e4 25. Ng5 Ba6 26. Bb3+ Kf8 27. Rxd8+ Nxd8 28. Qd2 Bf6 29. Qd6+ Kg7 30. h4 c4 31. Ba2 Qc5 32. Qd7+ Qe7 33. Qxe7+ Bxe7 34. Kf1 Nc6 35.
Ne6+ Kf6 36. Nc7 Bb7 37. Ke2 Na5 38. Nb5 a6 39. Nc7 Bc6 40. Nxa6 Bxa4 41. Nc7 h6 42. Nd5+ Ke6 43. Nxe7 Kxe7 44. Bc7 Bb3 45. Bxb3 Nxb3 46. Bxb6 Nc1+ 47. Kd1 Nd3 48. Ke2 Nxb2 49.
Bc5+ Ke6 50. f3 Nd3 51. Bd4 Nc1+ 52. Kd1 Nb3 53. fxe4 fxe4 54. Ke2 h5 55. g3 Kf5 56. Kf2 Kg4 57. Kg2 Nc1 58. Kf2 Nd3+ 59. Kg2 Ne1+ 60.
Kf2 Nf3 61. Kg2 Nd2 62. Kf2 Nb3 63. Kg2 Nc1 64. Kf1 Nd3 65. Kg2 Ne1+ 66. Kf1 Nc2 67.
Kg2 Na1 68. Kf1 Kxg3 69. Ke2 Kg4 70. Bf6 Nb3 71. Kf2 Nc1 72. Ke1 Nd3+ 73. Ke2 Nc5 74. Kf2 Ne6 75. Ke2 Nf8 76. Be7 Nd7 77. Bf6 Nxf6 0-1

[Event "Late-Titled-Tuesday-Blitz-September-26-2023"]
[Site "Chess.com"]
[Date "2023.09.26"]
[Round "1"]
[White "RCone"]
[Black "ArtemDyachuk"]
[Result "1/2-1/2"]
[WhiteElo "2404"]
[BlackElo "2693"]
[TimeControl "180+1"]
[EndTime "14:08:55 PDT"]
[Termination "Game drawn - insufficient material"]

1. e4 c5 2. Nc3 d6 3. f4 Nc6 4. Nf3 g6 5. Bb5 Bg7 6. Bxc6+ bxc6 7. d3 e6 8. O-O Ne7 9. f5 exf5 10.
Bg5 O-O 11. exf5 Bxf5 12. Nh4 Be6 13. Qe2 h6 14. Nxg6 hxg5 15. Nxf8 Qxf8 16. Ne4 Bd4+ 17. Kh1 Qh6 18. Nxd6 Rf8 19. c3 Bg7 20. Ne4 Ng6 21.
g3 f5 22. Nxg5 Bd5+ 23. Nf3 Ne5 24. Kg1 Nxf3+ 25. Rxf3 Bxf3 26. Qxf3 Qe6 27. Rf1 c4 28. d4 Qd5 29. Qf4 Kh7 30. Re1 Rf7 31. Qh4+ Bh6 32. Re5 Qf3 33. Re7 Rxe7 34. Qxe7+ Kg6 35. Qe8+ Kg7 36.
Qe7+ Kg6 37. Qe8+ Kh7 38. Qf7+ Bg7 39. Qxc4 Kg6 40. Qe6+ Bf6 41. b3 f4 42. Qg8+ Kf5 43.
Qh7+ Ke6 44. Qg8+ Ke7 45. Qh7+ Kf8 46. Qh6+ Kf7 47. Qh7+ Bg7 48. Qf5+ Ke7 49. Qxf4 Qxc3 50. Qg5+ Kf7 51. Qf5+ Ke7 52. Qg5+ Bf6 53. Qc5+ Qxc5 54. dxc5 Ke6 55. Kg2 Kd5 56. Kf3 Kxc5 57. Ke4 Kb4 58. h4 Ka3 59. Kf5 Bh8 60. h5 Kxa2 61. b4 Kb3 62. g4 Kxb4 63. g5 c5 64. h6 c4 65. g6 c3 66. g7 Bxg7 67. hxg7 c2 68. g8=Q c1=Q 69. Qb8+ Kc3 70. Qxa7 Qf1+ 71. Kg5 Qg2+ 72.
Kf5 Qd5+ 73. Kg4 Qe4+ 74. Kg5 Qg2+ 75. Kf4 Qd2+ 76. Kg4 Qd4+ 77. Qxd4+ Kxd4 1/2-1/2

[Event "Late-Titled-Tuesday-Blitz-September-26-2023"]
[Site "Chess.com"]
[Date "2023.09.26"]
[Round "1"]
[White "Firouzja2003"]
[Black "Jaka_Brilej"]
[Result "0-1"]
[WhiteElo "3084"]
[BlackElo "2518"]
[TimeControl "180+1"]
[EndTime "14:09:10 PDT"]
[Termination "Jaka_Brilej won by checkmate"]

1. e4 e6 2. d4 d5 3. e5 c5 4. c3 Nc6 5. Nf3 Qb6 6. a3 Nh6 7. b4 cxd4 8. Bxh6 gxh6 9. cxd4 Bd7 10. Ra2 Rg8 11. g3 Rg4 12. Rd2 Re4+ 13. Be2 Nxb4 14. axb4 Bxb4 15. O-O Bxd2 16. Nbxd2 Rxe2 17. Qxe2 Bb5 18.
Qe3 Bxf1 19. Nxf1 a5 20. Qxh6 a4 21. Qg7 O-O-O 22. Qxh7 a3 23. Qc2+ Kb8 24. N1d2 Rc8 25. Qa2 Qb2 26. Qxb2 axb2 27. h4 Rc1+ 28. Kg2 b1=Q 29.
Nxb1 Rxb1 30. h5 Rc1 31. Ng5 b5 32. Nf3 b4 33. Nd2 Rc8 34. Kh3 Kc7 35. Kh4 Kd7 36. h6 Ke7 37. Kg5 Rg8+ 38. Kh5 Kf8 39. g4 Rg6 40. f4 Kg8 41. Nb3 Kh7 42. g5 Rg8 43. Nc5 Rc8 44. Nb7 b3 45. Nd6 b2 46. Nxc8 b1=Q 47.
Nd6 Qh1+ 48. Kg4 Qg2+ 49. Kh4 Qf2+ 50. Kg4 Qg2+ 51. Kh4 Qf2+ 52. Kg4 Qxd4 53. Nxf7 Qd1+ 54. Kg3 Qg1+ 55. Kf3 Qf1+ 56. Kg3 d4 57. Nd8 Qe1+ 58. Kg4 d3 59. Nxe6 d2 60. Nf8+ Kg8 61. h7+ Kh8 62.
g6 d1=Q+ 63. Kf5 Qd3+ 64. Kf6 Qd8+ 65. Kf7 Qc7+ 66. Ke6 Qc8+ 67. Kf7 Qc7+ 68. Ke6 Qb1 69. Kf6 Qbb6+ 70. Kg5 Qg7 71. Nd7 Qbxg6+ 72. Kh4 Qg4# 0-1

[Event "Late-Titled-Tuesday-Blitz-September-26-2023"]
[Site "Chess.com"]
[Date "2023.09.26"]
[Round "1"]
[White "Herman-NY"]
[Black "dropstoneDP"]
[Result "0-1"]
[WhiteElo "2503"]
[BlackElo "3108"]
[TimeControl "180+1"]
[EndTime "14:09:12 PDT"]
[Termination "dropstoneDP won by resignation"]

1. e4 e5 2. Nf3 Nf6 3. Nxe5 d6 4. Nd3 Nxe4 5. Qe2 Qe7 6. Nf4 Nc6 7. c3 Nf6 8. d4 g5 9. Nd3 Rg8 10. Na3 Bf5 11. Qxe7+ Nxe7 12. h4 h6 13. hxg5 hxg5 14. Nb5 Kd7 15. c4 Nc6 16. d5 Re8+ 17. Be3 Ne5 18. Nxe5+ Rxe5 19. O-O-O a6 20. Nc3 Ne4 21. Bd4 Nxc3 22. Bxc3 Re8 23. Bd3 Bxd3 24. Rxd3 f5 25.
Rh7+ Re7 26. Rdh3 g4 27. Rxe7+ Bxe7 28. Rh7 Ke8 29. Kd2 Rf8 30. Kd3 Rf7 31. Rxf7 Kxf7 32.
a4 Bf6 33. a5 Be7 34. b4 Bh4 35. Bd4 Bd8 36. Ba7 Ke8 37. Bd4 Kd7 38. Ke3 Bg5+ 39. Kd3 c6 40. f3 gxf3 41. gxf3 Bd8 42. Bc3 Bh4 43. Ke3 Bg5+ 44. Kd3 Bd8 45. Ke3 Bg5+ 46. Kd3 Bh4 47. Ke3 Bg3 48. Kd3 Bf4 49. Bd4 Bg3 50.
Ke3 Be1 51. Bb6 Bxb4 52. Kf4 cxd5 53. cxd5 Ke7 54. Kxf5 Kf7 55. Bc7 Ke7 56. f4 Kf7 57. Kg5 Bc5 58. f5 Bb4 59. Bb8 Bxa5 60. Bxd6 Bd2+ 61.
Kg4 a5 62. Bc5 b5 63. d6 Ke8 64. f6 Bh6 65. Kf5 Kd7 66. Kg6 Bf8 67. Kf7 Bh6 68.
Kg6 Bf8 69. Kf7 Bh6 70. Kg8 b4 71. f7 b3 72. Be3 Bf8 73. Kxf8 b2 74. Kg8 b1=Q 75.
f8=Q Qb3+ 76. Kh7 Qxe3 77. Qf7+ Kxd6 78. Qf6+ Qe6 79. Qd4+ Qd5 80. Qb6+ Ke5 81. Qc7+ Ke4 82. Qc2+ Qd3 83. Qa4+ Ke3+ 84. Kg7 Qd4+ 0-1

[Event "Late-Titled-Tuesday-Blitz-September-26-2023"]
[Site "Chess.com"]
[Date "2023.09.26"]
[Round "1"]
[White "Jarming"]
[Black "HackWithBlack"]
[Result "0-1"]
[WhiteElo "2647"]
[BlackElo "2379"]
[TimeControl "180+1"]
[EndTime "14:09:49 PDT"]
[Termination "HackWithBlack won by resignation"]

1. e4 c6 2. d4 d5 3. e5 Bf5 4. h4 h5 5. c4 e6 6. Nc3 a6 7. Bg5 Qb6 8. Qd2 Nd7 9. Nf3 Be4 10.
Be2 Bxf3 11. Bxf3 dxc4 12. O-O Ne7 13. Rad1 Nf5 14. Ne4 Bb4 15. Qe2 Nxd4 16. Rxd4 Qxd4 17. Rd1 Qxe5 18. Bxh5 Rxh5 19. f4 Qf5 20. Qxh5 Qxe4 21. Rxd7 Kxd7 22. Qxf7+ Kc8 23. Qe8+ Kc7 24. Qxa8 Qd4+ 25.
Kh2 Bc5 26. Qe8 Qg1+ 27. Kh3 Qh1+ 28. Kg3 Qe1+ 29. Kg4 Qd1+ 30. Kg3 Qd3+ 31. Kg4 Qd1+ 32. Kg3 Qe1+ 33. Kg4 Qe2+ 34. Kh3 Qe3+ 35. Kg4 Qe2+ 36. Kh3 Kb6 37. Qf7 Qxb2 38. Bd8+ Ka7 39. Bc7 Bb6 40.
Be5 Qd2 41. Qxe6 c3 42. Qc8 a5 43. a4 Ka6 44. Qa8+ Ba7 45. Qg8 Qe3+ 46. g3 Qd3 47.
Qxg7 c2 48. Bb2 Be3 49. Qf6 c1=Q 50. Bxc1 Qf1+ 51. Kg4 Qxc1 52. h5 Qd1+ 53. Kg5 Bf2 54. g4 Be3 55. h6 Qd5+ 56. Kg6 Bd4 57. Qf5 Qg8+ 58. Kh5 Qe8+ 59. Qg6 Qe2 60. h7 Qh2+ 61. Kg5 Be3 62. Qf7 Bxf4+ 63. Qxf4 Qxh7 64. Qc4+ Ka7 65. Qc5+ Ka6 66. Qc4+ Ka7 67. Qc5+ Ka6 68. Kf4 Qf7+ 69. Kg3 Qg6 70. g5 b5 71. axb5+ cxb5 72. Qe5 a4 73.
Kf4 Qf7+ 74. Qf5 Qc4+ 75. Kg3 a3 76. g6 a2 77. Qf6+ Ka5 78. g7 Qb3+ 79. Kg4 Qc4+ 80. Kg5 Qc1+ 81. Kg6 Qg1+ 82. Kh7 a1=Q 83. Qxa1+ Qxa1 84. g8=Q Qh1+ 85. Kg7 Qg1+ 86. Kf8 Qxg8+ 87. Kxg8 b4 0-1

[Event "Late-Titled-Tuesday-Blitz-September-26-2023"]
[Site "Chess.com"]
[Date "2023.09.26"]
[Round "1"]
[White "nitpicker"]
[Black "Misticpikachu"]
[Result "1/2-1/2"]
[WhiteElo "2249"]
[BlackElo "2561"]
[TimeControl "180+1"]
[EndTime "14:10:19 PDT"]
[Termination "Game drawn by 50-move rule"]

1. d4 d5 2. c4 e6 3. Nf3 Nf6 4. g3 Be7 5. Bg2 O-O 6. O-O dxc4 7. Ne5 Nc6 8. Bxc6 bxc6 9. Nxc6 Qe8 10. Nxe7+ Qxe7 11. Qa4 e5 12. dxe5 Qxe5 13. Qxc4 Be6 14. Qd3 Rad8 15. Qe3 Qh5 16. f3 Rfe8 17. Qf2 Nd5 18.
Bd2 Nb6 19. Bf4 Qb5 20. e4 Rd3 21. Nc3 Qd7 22. Rfd1 c6 23. Rxd3 Qxd3 24. Rd1 Qc4 25. Qe2 Qxe2 26. Nxe2 Bxa2 27. Ra1 Bc4 28. Nd4 c5 29.
Nf5 Ra8 30. Be3 Nd7 31. Nd6 Be6 32. Nb7 h6 33. Nxc5 Nxc5 34. Bxc5 a6 35. b4 Bc4 36.
Rd1 Be2 37. Ra1 Bxf3 38. b5 Bxe4 39. bxa6 f6 40. a7 f5 41. Ra4 Kf7 42. Ra6 Bd3 43. Rc6 Be4 44. Rc7+ Ke6 45. Rxg7 h5 46. Kf2 Rc8 47. Be3 Rc2+ 48. Ke1 Rxh2 49. Rg8 Ra2 50. Bc5 Kf7 51. Rh8 Ra6 52. Rxh5 Ra5 53. Be3 Ra1+ 54.
Kd2 Ra2+ 55. Kc3 Ra3+ 56. Kd2 Rd3+ 57. Ke2 Ra3 58. Rh7+ Ke6 59. Rh8 Ra2+ 60. Ke1 Kd5 61. Bd2 Ke6 62. Be3 Kd7 63. Rh7+ Kc6 64. Rg7 Kd6 65.
Bf4+ Kd5 66. Bb8 Ra1+ 67. Kd2 Kc4 68. Rc7+ Kd5 69. Rd7+ Ke6 70. Rd8 Ra2+ 71. Ke3 Kf7 72. Kf4 Kf6 73. Rd6+ Ke7 74. Rb6 Ra5 75. g4 Kf7 76. gxf5 Bxf5 77. Kg5 Be6+ 78. Kf4 Ke8 79. Ke4 Kd7 80. Kd4 Ra4+ 81. Ke3 Ra3+ 82. Kd4 Ra4+ 83. Ke5 Bh3 84. Kf6 Bg2 85. Ke5 Bc6 86. Kf6 Ra5 87.
Kg6 Ra2 88. Kf6 Rg2 89. Ke5 Rg8 90. Kd4 Rg4+ 91. Ke5 Ba8 92. Kf6 Re4 93. Kf5 Re1 94. Kf6 Rf1+ 95. Ke5 Re1+ 96. Kf6 Rc1 97. Ke5 Rc8 98. Kf6 Re8 99. Kf7 Bd5+ 100. Kf6 Re1 101. Kf5 Bc6 102. Kf6 Ba8 103. Kf5 Rh1 104. Ke5 Rh5+ 105. Kf4 Rh4+ 106. Ke5 Kc8 107. Kf5 Rh8 108. Kg5 Rf8 109. Kg6 Re8 110. Kg7 Re1 111. Kf7 Rg1 112. Kf6 Rf1+ 113. Kg5 Re1 114. Kf5 Rf1+ 115. Ke5 Rh1 116. Kd6 Rh6+ 117. Kc5 Rh5+ 118. Kd6 Rh1 119. Kc5 Rc1+ 120. Kd4 Rh1 121. Ke5 Rh7 122. Kd6 Bh1 123. Kc5 Rh5+ 124. Kd4 Rh4+ 125. Kc5 Rh2 126. Kd4 Rc2 1/2-1/2

[Event "Late-Titled-Tuesday-Blitz-September-26-2023"]
[Site "Chess.com"]
[Date "2023.09.26"]
[Round "2"]
[White "mitrabhaa"]
[Black "Chessdreamer2020"]
[Result "1-0"]
[WhiteElo "2834"]
[BlackElo "2536"]
[TimeControl "180+1"]
[EndTime "14:13:01 PDT"]
[Termination "mitrabhaa won by resignation"]

1. d4 d6 2. e4 Nf6 3. Nc3 c6 4. Be3 e5 5. dxe5 dxe5 6. Qxd8+ Kxd8 7. Nf3 Bd6 8. O-O-O Ke7 9. Bc4 Rf8 10. Ng5 Be6 11.
Bxe6 fxe6 12. Rxd6 Kxd6 13. Rd1+ Ke7 14. Bc5+ Ke8 15.
Bxf8 Kxf8 16. Nxe6+ Ke7 17. Nc7 1-0

[Event "Late-Titled-Tuesday-Blitz-September-26-2023"]
[Site "Chess.com"]
[Date "2023.09.26"]
[Round "2"]
[White "JonasGallasch"]
[Black "AlejandroBalde"]
[Result "1-0"]
[WhiteElo "2423"]
[BlackElo "2059"]
[TimeControl "180+1"]
[EndTime "14:13:05 PDT"]
[Termination "JonasGallasch won by checkmate"]

1. e4 c5 2. Nf3 Nc6 3. Bb5 d6 4. O-O g6 5. d4 cxd4 6. Qxd4 e5 7.
Qd3 a6 8. Ba4 Qc7 9. Nc3 b5 10.
Nd5 Qd8 11. Bb3 Nge7 12. Nf6# 1-0

[Event "Late-Titled-Tuesday-Blitz-September-26-2023"]
[Site "Chess.com"]
[Date "2023.09.26"]
[Round "2"]
[White "KamlaPasand"]
[Black "roxannyzoldyck"]
[Result "0-1"]
[WhiteElo "2444"]
[BlackElo "2204"]
[TimeControl "180+1"]
[EndTime "14:13:12 PDT"]
[Termination "roxannyzoldyck won by checkmate"]

1. e4 c5 2. Nf3 d6 3. d4 cxd4 4. Nxd4 Nf6 5. Nc3 g6 6. Be3 Bg7 7. f3 O-O 8. Bc4 Nc6 9. Qd2 Bd7 10. O-O-O Rc8 11. Bb3 Nxd4 12. Bxd4 b5 13. h4 a5 14. h5 a4 15. Bxf6 Bxf6 16. h6 axb3 17. cxb3 b4 18. e5 bxc3 19. bxc3 Bxe5 20. Kb1 Qa5 21. Rhe1 Bf5+ 22.
Re4 Bxe4+ 23. fxe4 Qxc3 24. Qc1 Qa1# 0-1

[Event "Late-Titled-Tuesday-Blitz-September-26-2023"]
[Site "Chess.com"]
[Date "2023.09.26"]
[Round "2"]
[White "0gZPanda"]
[Black "Alex_Banzea"]
[Result "1-0"]
[WhiteElo "3053"]
[BlackElo "2635"]
[TimeControl "180+1"]
[EndTime "14:13:13 PDT"]
[Termination "0gZPanda won by resignation"]

1. d4 d5 2. Nc3 Nf6 3. Bf4 c5 4. e4 Nxe4 5. Nxe4 dxe4 6. dxc5 Qa5+ 7. c3 Qxc5 8. Qa4+ Nc6 9. Qxe4 g6 10. Nf3 Bg7 11.
Rd1 O-O 12. Be2 Bf5 13. Qa4 Rfd8 14. O-O a6 15. Be3 b5 16. Qh4 1-0

[Event "Late-Titled-Tuesday-Blitz-September-26-2023"]
[Site "Chess.com"]
[Date "2023.09.26"]
[Round "2"]
[White "PNEPaul"]
[Black "Colombiano07"]
[Result "1-0"]
[WhiteElo "1950"]
[BlackElo "2397"]
[TimeControl "180+1"]
[EndTime "14:13:24 PDT"]
[Termination "PNEPaul won by resignation"]

1. e4 c6 2. d4 d5 3. exd5 cxd5 4. c4 Nf6 5. Nc3 Nc6 6. Nf3 Bg4 7. Be2 e6 8. O-O Be7 9. c5 O-O 10. a3 Ne4 11. Na4 Bf6 12. Be3 Re8 13. b4 e5 14.
dxe5 Nxe5 15. Nxe5 Bxe2 16. Qxe2 Bxe5 17. Rad1 Qd7 18. b5 a6 19. Nb6 Qxb5 20. Qxb5 axb5 21. Nxa8 Rxa8 22. Rxd5 Bf6 23. Rd7 Rxa3 24. Rxb7 h5 25.
Rxb5 Rc3 26. Rc1 1-0

[Event "Late-Titled-Tuesday-Blitz-September-26-2023"]
[Site "Chess.com"]
[Date "2023.09.26"]
[Round "2"]
[White "miraitrunks"]
[Black "DrCeltic"]
[Result "1/2-1/2"]
[WhiteElo "2151"]
[BlackElo "2434"]
[TimeControl "180+1"]
[EndTime "14:13:32 PDT"]
[Termination "Game drawn by agreement"]

1. d4 d5 2. Nf3 Nf6 3. c4 c6 4.
Nc3 dxc4 5. a4 Bf5 6. Ne5 e6 7.
f3 Bb4 8. e4 Bxe4 9. fxe4 Nxe4 10. Qf3 Qxd4 11. Qxf7+ Kd8 12. Bg5+ Nxg5 13. Qxg7 Bxc3+ 14. bxc3 Qxc3+ 15. Ke2 1/2-1/2

[Event "Late-Titled-Tuesday-Blitz-September-26-2023"]
[Site "Chess.com"]
[Date "2023.09.26"]
[Round "2"]
[White "Hikaru"]
[Black "Babbelbox"]
[Result "1-0"]
[WhiteElo "3201"]
[BlackElo "2656"]
[TimeControl "180+1"]
[EndTime "14:13:35 PDT"]
[Termination "Hikaru won by resignation"]

1. e4 e6 2. d3 d5 3. Nd2 Nf6 4. Ngf3 Be7 5. g3 dxe4 6. dxe4 b6 7. Bg2 Bb7 8. Qe2 Ba6 9. c4 Nc6 10. e5 Nd7 11. O-O O-O 12. Rd1 Qc8 13. a3 Bb7 14. h4 a5 15. Nf1 Nc5 16. Bg5 h6 17. Bf4 Nb3 18. Rab1 Nbd4 19. Nxd4 Nxd4 20. Rxd4 1-0

[Event "Late-Titled-Tuesday-Blitz-September-26-2023"]
[Site "Chess.com"]
[Date "2023.09.26"]
[Round "2"]
[White "reevecanada"]
[Black "YellowJacek"]
[Result "1-0"]
[WhiteElo "2510"]
[BlackElo "2326"]
[TimeControl "180+1"]
[EndTime "14:13:56 PDT"]
[Termination "reevecanada won by resignation"]

1. e4 c5 2. Nf3 d6 3. Bb5+ Bd7 4.
Bxd7+ Qxd7 5. O-O Nf6 6. Re1 e6 7. c3 d5 8. e5 Ng8 9. d4 Nc6 10. h4 Nge7 11. h5 h6 12. Na3 a6 13. dxc5 Nc8 14. b4 b6 15. cxb6 Nxb6 16. Nd4 Nxd4 17. Qxd4 Qc7 18. Be3 Nd7 19. f4 Be7 20. Rec1 O-O 21. c4 dxc4 22. Nxc4 Rfd8 23. Nd6 1-0

[Event "Late-Titled-Tuesday-Blitz-September-26-2023"]
[Site "Chess.com"]
[Date "2023.09.26"]
[Round "2"]
[White "Polish_fighter3000"]
[Black "NicholasTakano"]
[Result "1-0"]
[WhiteElo "3074"]
[BlackElo "2399"]
[TimeControl "180+1"]
[EndTime "14:14:04 PDT"]
[Termination "Polish_fighter3000 won by resignation"]

1. g3 Nf6 2. Bg2 g6 3. f4 Bg7 4. e4 d6 5. d4 O-O 6. Ne2 Nbd7 7. c4 e5 8. fxe5 dxe5 9. d5 Nc5 10. Nbc3 Ne8 11.
b4 Nd7 12. Rb1 a5 13. a3 axb4 14. axb4 b6 15. Be3 f5 16. O-O Nd6 17. c5 bxc5 18. bxc5 Nxe4 19. Nxe4 fxe4 20. Rxf8+ Bxf8 21. d6 Nf6 22. Bg5 Be6 23. Nc3 cxd6 24. Nxe4 Be7 25. Nxf6+ Bxf6 26. Bxf6 Qxf6 27. Bxa8 1-0

[Event "Late-Titled-Tuesday-Blitz-September-26-2023"]
[Site "Chess.com"]
[Date "2023.09.26"]
[Round "2"]
[White "JoshWeinstein"]
[Black "DefiantChair"]
[Result "0-1"]
[WhiteElo "2342"]
[BlackElo "2551"]
[TimeControl "180+1"]
[EndTime "14:14:16 PDT"]
[Termination "DefiantChair won by resignation"]

1. e4 c5 2. Nc3 d6 3. Bc4 Nc6 4. f4 g6 5. d3 Bg7 6. Nf3 e6 7.
O-O Nge7 8. Bb3 Nd4 9. Ne2 O-O 10. c3 Nxb3 11. axb3 d5 12. e5 d4 13. cxd4 cxd4 14.
Nexd4 b6 15. Be3 Bb7 16. Nb5 Nf5 17. Bf2 Qd5 18. Nc3 Qd7 19. d4 Rfd8 20. Ne2 a6 21.
Qd3 a5 22. Rfd1 Qd5 23. Nc3 Qxb3 24. g4 Ne7 25. Ng5 Nd5 26. Nxd5 Qxd5 27. Kf1 Ba6 0-1